 Dungeon Crawl Stone Soup version 0.31-a0-424-g41b3b0883d (webtiles) character file.

Game seed: 11166638725694797325

51 Ethylacetat the Insei (level 3, 0/24 HPs)
             Began as an Octopode Shapeshifter on July 30, 2023.
             Slain by Crazy Yiuf
             ... wielding a +3 quarterstaff of chaos
              (11 damage)
             ... on level 2 of the Dungeon.
             The game lasted 00:02:03 (1432 turns).

Ethylacetat the Insei (Octopode Shapeshifter)       Turns: 1432, Time: 00:02:03

Health: 0/24       AC:  1    Str: 14    XL:     3   Next: 83%
Magic:  3/3        EV: 13    Int: 16    God:
Gold:   93         SH:  0    Dex: 14    Spells: 2/2 levels left

rFire   . .          .
                       - Unarmed
rCold   + . .        (no shield)
rNeg    . . .        (helmet currently unavailable)
rPois   .            (no amulet)
rElec   .            d - +6 ring of intelligence
rCorr   .            g - ring of protection from cold
SInv    .            (no ring)
Will    .....        (no ring)
Stlth   ++           (no ring)
HPRegen 0.24/turn    (no ring)
MPRegen 0.08/turn    (no ring)
                     (no ring)

%: no passive effects
@: beast-form
A: beast (slay +2), almost no armour, amphibious, 8 rings, camouflage 1,
gelatinous body 1, (nimble swimmer 1), tentacles
a: Begin Untransformation


You were on level 2 of the Dungeon.
You were a hulking beast.
You visited 1 branch of the dungeon, and saw 2 of its levels.

You collected 93 gold pieces.

Inventory:

Jewellery
 d - a +6 ring of intelligence (left tentacle)
 g - a ring of protection from cold (right tentacle)
Talismans
 b - a beast talisman (active)
Scrolls
 c - 2 scrolls of fog {unknown}
 e - 2 scrolls of teleportation {unknown}
 f - 4 scrolls of fear {unknown}
 h - a scroll of poison {unknown}
 i - a scroll of identify {unknown}
 j - a scroll of amnesia {unknown}
Potions
 a - a potion of lignification


   Skills:
 + Level 1.9 Fighting
 + Level 2.6 Dodging
 + Level 3.4 Unarmed Combat
 + Level 3.3 Shapeshifting


You had 2 spell levels left.
You didn't know any spells.
Your spell library contained the following spells:

 Spells                   Type           Power      Damage    Failure   Level
 Ozocubu's Armour         Ice            0%         N/A       58%         3
 Metabolic Englaciation   Hex/Ice        0%         N/A       100%        5
 Simulacrum               Ice/Necr       0%         N/A       100%        6


Dungeon Overview and Level Annotations

Branches:
Dungeon (2/15)

Altars:
Wu Jian

Annotations:
D:2 Crazy Yiuf


Innate Abilities, Weirdness & Mutations

You are a hulking beast.
Your limbs bulge with bestial killing power. (Slay +2)
You cannot wear most types of armour.
You are amphibious.
You can wear up to eight rings at the same time.
Your skin changes colour to match your surroundings (Stealth+).
Your rubbery body absorbs attacks. (AC +1, EV +1)
((You are camouflaged when in or above water. (Stealth+)))
You have tentacles for arms and can constrict up to eight enemies at once.


Message History

The goblin shouts!
You tentacle-slap the goblin. You grab the goblin.
You tentacle-slap the goblin.
You kill the goblin!
No target in view!
No target in view!
A worm comes into view.
The worm bites you.
You barely miss the worm. You grab the worm. You squeeze the worm!
The worm is heavily wounded.
You constrict the worm.
You tentacle-slap the worm but do no damage.
The worm is heavily wounded.
You constrict the worm. The worm bites you!
You are too injured to fight recklessly!
You are too injured to fight recklessly!
You are too injured to fight recklessly!
You completely miss the worm. You squeeze the worm!
You kill the worm!
You open the door.
There is an open door here.
You open the door.
There is an open door here.
Crazy Yiuf shouts!
Could not explore, unopened runed door.
You open the door. You closely miss Crazy Yiuf. You grab Crazy Yiuf.
You constrict Crazy Yiuf.
Crazy Yiuf whimpers, "Trifle foot seventy!"
Crazy Yiuf hits you with a +3 quarterstaff of chaos!
Ouch! That really hurt!
You tentacle-slap Crazy Yiuf. You squeeze Crazy Yiuf.
Crazy Yiuf is heavily wounded.
You constrict Crazy Yiuf, but do no damage.
Crazy Yiuf screams, "Fluff rumpyflump sallow!"
Crazy Yiuf closely misses you.
You tentacle-slap Crazy Yiuf. You squeeze Crazy Yiuf.
Crazy Yiuf is severely wounded.
You constrict Crazy Yiuf.
Crazy Yiuf hits you with a +3 quarterstaff of chaos!
You die...

###.#
####.#########..####.#
#...# #.# #..## #.#
#.### #'# #...# #.#
#.# ### ##..# #.#
#.#### ##..# #.#
#.##.## ##♣♣♣♣♣
#...###.#
#.#...###...♣.♣♣♣ ###
#....)..#
.............♣..♣#...#
#.......#
............♣♣♣♣hg...#
#...###.#
#.##..#.#..♣♣ ♣♣#..)#
#.#.# #.# #.###.####♣♣
### ###.# #.# ...##.#
#...# #.# #.###.#
##### #.# #.# #.# ###
#### #.# #.###.####
#.# #..######.#
.....(##.#####.###
#.........#
#.###.#..........#
#.#########


You could see Crazy Yiuf.

Vanquished Creatures
  2 adders (D:2)
  A worm (D:2)
  6 bats
  2 endoplasms (D:1)
  A giant cockroach (D:2)
  3 goblins
  2 hobgoblins
  4 kobolds
  3 quokkas
  2 ball pythons
  A frilled lizard (D:1)
  3 rats
30 creatures vanquished.

Notes
Turn   | Place    | Note
-------+----------+-------------------------------------------
     0 | D:1      | Ethylacetat the Octopode Shapeshifter began the quest for
                  | the Orb.
     0 | D:1      | Reached XP level 1. HP: 13/13 MP: 1/1
    89 | D:1      | Reached XP level 2. HP: 12/18 MP: 2/2
   735 | D:2      | Found a runed translucent door.
   736 | D:2      | Noticed Crazy Yiuf
   766 | D:2      | Found an ornate altar of the Wu Jian Council.
   804 | D:2      | Reached XP level 3. HP: 23/23 MP: 3/3
  1432 | D:2      | Slain by Crazy Yiuf

Illustrated notes

Levels and vault maps discovered:
D:1:      scummos_arrival_hexagon, layout_rooms
D:2:      layout_loops_corners, basic_altar, uniq_crazy_yiuf_cottage

Action                     || total
---------------------------++-------
  Melee: Unarmed           ||    55
         Tentacles         ||    15
         Constrict         ||    13
         Punch             ||     3
   Stab: Sleeping          ||     9
 Armour: Skin              ||     3
  Dodge: Dodged            ||    24

Table legend: (Time is in decaauts)
 A = Elapsed time spent in this place.
 B = Non-inter-level travel time spent in this place.
 C = Inter-level travel time spent in this place.
 D = Time resting spent in this place.
 E = Time spent auto-exploring this place.
 F = Levels seen in this place.
 G = Mean time per level.
                   A        B        C        D        E       F      G
               +--------+--------+--------+--------+--------+-----+--------+
         Total |   1427 |   1408 |     19 |      0 |   1217 |   2 |  713.5 |
       Dungeon |   1427 |   1408 |     19 |      0 |   1217 |   2 |  713.5 |
               +--------+--------+--------+--------+--------+-----+--------+

Top non-repeatable levels by time:
     D:2: 1020 daAuts
     D:1: 407 daAuts
